 Dungeon Crawl Stone Soup version 0.28-a0-474-g535839065c (webtiles) character file.

Game seed: 16076191034181402419

196 robertstho the Magician (level 6, -1/42 HPs)
             Began as a Djinni Fire Elementalist on Sept 15, 2021.
             Slain by a goblin (4 damage)
             ... led by Robin
             ... while paralysed by Ijyb
             ... on level 3 of the Dungeon.
             The game lasted 00:04:43 (4154 turns).

robertstho the Magician (Djinni Fire Elementalist)  Turns: 4154, Time: 00:04:44

Health: -1/42      AC:  2    Str:  7    XL:     6   Next: 4%
Gold:   70         EV:  2    Int: 19    God:
                   SH:  0    Dex: 13

rFire   + + .      SeeInvis .   b - +2 dagger (venom)
rCold   x . .      Faith    .   (no shield)
rNeg    . . .      Spirit   .   a - +0 robe
rPois   ∞          Reflect  .   (no helmet)
rElec   .          Harm     .   (no cloak)
rCorr   .          Rampage  .   (no gloves)
Will    .....                   (boots unavailable)
Stlth   ++........              (no amulet)
HPRegen 0.14/turn               (no ring)
MPRegen 0.00/turn               (no ring)

@: paralysed, flying
A: sickness immunity, fire resistance 2, cold vulnerability 1, float, innate
caster, hp casting, extra vitality 1
a: no special abilities


You were on level 3 of the Dungeon.
You visited 1 branch of the dungeon, and saw 3 of its levels.
You also visited: Sewer.

You collected 70 gold pieces.

Inventory:

Hand Weapons
 b - a +2 dagger of venom (weapon)
Armour
 a - a +0 robe (worn)
Scrolls
 c - 2 scrolls of fog
 d - a scroll of summoning {unknown}
 e - a scroll of blinking {unknown}
 f - a scroll of vulnerability {unknown}
 g - a scroll of noise {unknown}
 h - a scroll of acquirement {unknown}
 i - a scroll of fear {unknown}
 j - 2 scrolls of magic mapping
 q - a scroll of enchant armour {unknown}
Potions
 k - 2 potions of cancellation {unknown}
 l - a potion of invisibility {unknown}
 m - 3 potions of might {unknown}
 n - a potion of haste {unknown}
 o - a potion of heal wounds {unknown}
 p - a potion of brilliance {unknown}
 r - a potion of resistance {unknown}


   Skills:
 * Level 1.6 Fighting
 + Level 2.6 Dodging
 + Level 2.0 Stealth
 * Level 4.3 Spellcasting


You couldn't memorise any spells.
You knew the following spells:

 Your Spells              Type           Power      Damage    Failure   Level
a - Foxfire               Conj/Fire      80%        2x1d8     2%          1
b - Scorch                Fire           40%        2d7       3%          2
c - Conjure Flame         Conj/Fire      20%        6-21      7%          3
d - Inner Flame           Hex/Fire       20%        N/A       7%          3
e - Flame Wave            Conj/Fire      20%        3d6       22%         4
f - Magic Dart            Conj           80%        1d7       2%          1
g - Searing Ray           Conj           40%        2d5       3%          2
Your spell library was empty.

Dungeon Overview and Level Annotations

Branches:
Dungeon (3/15)              Sewer (visited)

Altars:
Elyvilon

Annotations:
D:3 1 transporter, Ijyb


Innate Abilities, Weirdness & Mutations

You are immune to sickness and miasma.
You are immune to poison.
Your flesh is very heat resistant. (rF++)
You are vulnerable to cold. (rC-)
You float through the air rather than walking.
You learn spells naturally, not from books.
Your magical power is your life essence.
You have superior vitality. (+4 HP)


Message History

You conjure some foxfire!
The foxfire hits the goblin.
You kill the goblin!
The goblin shoots a stone.
The stone misses you.
Casting: Foxfire (safe; 2% risk of failure)
Press: ? - help, Q - select action, (/) - cycle Dir - look around, f - activate You conjure some foxfire!
The foxfire hits Ijyb but does no damage.
Ijyb is lightly wounded.
The foxfire hits Ijyb but does no damage.
Ijyb is lightly wounded.
The foxfire hits Ijyb but does no damage.
Ijyb is lightly wounded.
Casting: Foxfire (safe; 2% risk of failure)
Press: ? - help, Q - select action, (/) - cycle Dir - look around, f - activate You conjure some foxfire!
The foxfire hits the hobgoblin.
The hobgoblin is moderately wounded.
The foxfire hits Ijyb but does no damage.
Ijyb is lightly wounded.
Ijyb zaps a wand.
You resist with some effort.
Casting: Foxfire (safe; 2% risk of failure)
Press: ? - help, Q - select action, (/) - cycle Dir - look around, f - activate You conjure some foxfire!
The foxfire hits Ijyb but does no damage.
Ijyb is lightly wounded.
The foxfire hits the hobgoblin.
The hobgoblin is heavily wounded.
Ijyb zaps a wand.
You suddenly lose the ability to move!
The hobgoblin hits you.
* * * LOW HITPOINT WARNING * * *
The foxfire hits Ijyb.
Ijyb is moderately wounded.
The foxfire hits Ijyb.
Ijyb is moderately wounded.
The goblin hits you but does no damage.
Ijyb hits you with a +2 dagger of venom.
* * * LOW HITPOINT WARNING * * *
The goblin hits you with a +0 club.
You die...

,,,,,.......<...#.#*###.###......
,,,,,.............# #....#..####
**,**..........:..####..#.#......
,,,,,.........###).).............
,,,,,..©.........................
,,,**#######..##............†....
,,,*8P.©.P8#..##............)....
,,,*≈../..P#..##g................
,,,**##+####....@g...............
,,,*,≈...≈5#.###gg...............
,,,*,≈...≈.#.# #g................
,,,*,≈≈≈≈≈.#.# #g)†).............
*,,*,≈P⌠≈≈.#.# #.................
,,,*,≈P≈≈≈.#.# #.................
,,,*,≈...≈.#.# #.................
,,,*,≈...≈.#.# #$................
,,,**##+####.# *,,,,,,,..........


You could see Ijyb, a shadow imp, a hobgoblin (strong) and 4 goblins.

Vanquished Creatures
  An orc wizard (D:3)
  Robin (D:3)
  5 adders (D:3)
  A river rat (D:3)
  3 worms
  A dart slug (D:3)
  An orc (D:3)
  7 bats
  4 endoplasms
  4 giant cockroaches
  10 goblins
  5 hobgoblins
  10 jackals
  19 kobolds
  3 quokkas
  6 ball pythons
  2 frilled lizards (Sewer)
  14 rats
97 creatures vanquished.

Vanquished Creatures (collateral kills)
  10 foxfires (Sewer)
10 creatures vanquished.

Vanquished Creatures (others)
  381 foxfires
  A plant (Sewer)
382 creatures vanquished.

Grand Total: 489 creatures vanquished

Notes
Turn   | Place    | Note
-------+----------+-------------------------------------------
     0 | D:1      | robertstho the Djinni Fire Elementalist began the quest for
                  | the Orb.
     0 | D:1      | Reached XP level 1. HP: 15/15 MP: 0/0
   360 | D:1      | Reached XP level 2. HP: 16/22 MP: 0/0
  1015 | D:1      | Reached XP level 3. HP: 19/26 MP: 0/0
  1015 | D:1      | Learned a level 1 spell: Magic Dart
  1019 | D:1      | Reached skill level 1 in Fighting
  1355 | D:1      | Reached skill level 3 in Spellcasting
  1434 | D:1      | Found a faded altar of an unknown god.
  2106 | D:2      | Reached XP level 4. HP: 28/32 MP: 0/0
  2721 | D:3      | Found a glowing drain.
  2730 | Sewer    | Entered a sewer
  3236 | Sewer    | Reached XP level 5. HP: 34/37 MP: 0/0
  3236 | Sewer    | Learned a level 2 spell: Searing Ray
  3985 | D:3      | Reached skill level 4 in Spellcasting
  4048 | D:3      | Found a white marble altar of Elyvilon.
  4128 | D:3      | Found a transporter.
  4140 | D:3      | Noticed Robin
  4146 | D:3      | Noticed Ijyb
  4147 | D:3      | Killed Robin
  4148 | D:3      | Reached XP level 6. HP: 21/42 MP: 0/0
  4152 | D:3      | Paralysed by Ijyb for 4 turns
  4154 | D:3      | Slain by a goblin

Illustrated notes

Levels and vault maps discovered:
D:1:      wander_arrival_estate, layout_rooms,
          shapermc_ecumenical_altar_starsandcircs, minmay_misc_feat_nine_boxes,
          grunt_decor_junction, hangedman_decor_diamond_cutter,
          minmay_misc_feat_square
D:2:      layout_basic
D:3:      gammafunk_wand_slinger, layout_basic, mainiacjoe_overflow_alcove_2,
          gup_sewer_entry_bubbles, minmay_misc_feat_tower,
          kennysheep_generic_room_2, uniq_ijyb, uniq_robin

Skill      XL: |  1  2  3  4  5 |
---------------+----------------+-----
Fighting       | 1 |  1.6
Spellcasting   | 3 4 |  4.3
Stealth        | 2 |  2.0
Dodging        | |  2.6

Action                   |  1- 3 |  4- 6 || total
-------------------------+-------+-------++-------
 Cast: Foxfire           |   103 |   127 ||   230
       Scorch            |       |     8 ||     8
  Use: Scroll            |       |     2 ||     2
Armor: Robe              |     2 |     4 ||     6
Dodge: Dodged            |    10 |    14 ||    24

Table legend: (Time is in decaauts)
 A = Elapsed time spent in this place.
 B = Non-inter-level travel time spent in this place.
 C = Inter-level travel time spent in this place.
 D = Time resting spent in this place.
 E = Time spent auto-exploring this place.
 F = Levels seen in this place.
 G = Mean time per level.
                   A        B        C        D        E       F      G
               +--------+--------+--------+--------+--------+-----+--------+
         Total |   4153 |   4103 |     50 |    234 |   3343 |   4 | 1038.2 |
       Dungeon |   3250 |   3200 |     50 |      0 |   2786 |   3 | 1083.3 |
         Sewer |    902 |    902 |      0 |    234 |    557 |   1 |  902.0 |
               +--------+--------+--------+--------+--------+-----+--------+

Top non-repeatable levels by time:
     D:1: 1522 daAuts
     D:2: 911 daAuts
   Sewer: 902 daAuts
     D:3: 817 daAuts
